 Dungeon Crawl Stone Soup version 0.30-a0-1018-g25214051b3 (webtiles) character file.

Game seed: 13404453335527550069

57 Newt the Shooter (level 4, -4/30 HPs)
             Began as a Kobold Hunter on Apr 7, 2023.
             Slain by Grinder (7 damage)
             ... while paralysed by Grinder
             ... on level 3 of the Dungeon.
             The game lasted 00:01:34 (2124 turns).

Newt the Shooter (Kobold Hunter)                    Turns: 2124, Time: 00:01:35

Health: -4/30      AC:  4    Str:  8    XL:     4   Next: 18%
Magic:  4/4        EV:  3    Int: 10    God:
Gold:   63         SH:  0    Dex: 20    Spells: 3/3 levels left

rFire   . . .      SeeInvis .    a - +0 shortbow
rCold   . . .      Faith    .    (shield currently unavailable)
rNeg    . . .      Spirit   .    c - +1 leather armour
rPois   .          Reflect  .    (no helmet)
rElec   .          Rampage  .    (no cloak)
rCorr   .                        (no gloves)
Will    .....                    (no boots)
Stlth   +++                      (no amulet)
HPRegen 0.25/turn                (no ring)
MPRegen 0.09/turn                (no ring)

@: paralysed
A: small, no large weapons, nightstalker 3
a: no special abilities


You were on level 3 of the Dungeon.
You visited 1 branch of the dungeon, and saw 3 of its levels.

You collected 63 gold pieces.

Inventory:

Hand Weapons
 a - a +0 shortbow (weapon)
Armour
 c - a +1 leather armour (worn)
Scrolls
 b - 2 scrolls of immolation
 h - a scroll of torment
 j - a scroll of teleportation
 k - 2 scrolls of enchant armour
 m - a scroll of magic mapping
Potions
 d - a potion of flight {unknown}
 e - a potion of attraction {unknown}
 g - 5 potions of curing {unknown}
 n - 2 potions of ambrosia {unknown}


   Skills:
 + Level 4.5 Fighting
 - Level 5.3 Ranged Weapons
 - Level 2.4 Dodging
 - Level 1.3 Stealth


You had 3 spell levels left.
You didn't know any spells.
Your spell library contained the following spells:

 Spells                   Type           Power      Damage    Failure   Level
 Cigotuvi's Dreadful Rot  Necr/Pois/Air  0%         N/A       63%         2
 Ignite Poison            Fire/Tmut/Pois 0%         N/A       86%         3
 Freezing Cloud           Conj/Ice/Air   0%         6-21      100%        5


Dungeon Overview and Level Annotations

Branches:
Dungeon (3/15)

Altars:

Annotations:
D:3 Grinder


Innate Abilities, Weirdness & Mutations

You are small and have problems with some larger weapons.
You are completely attuned to the shadows.


Message History

You barely resist. You shoot an arrow. The arrow hits Grinder.
Grinder is lightly wounded.
Grinder gestures at you. You resist with significant effort.
You shoot an arrow. The arrow hits Grinder!
Grinder is moderately wounded.
You shoot an arrow. The arrow hits Grinder!
Grinder is severely wounded.
Grinder gestures at you. You resist with significant effort.
Grinder barely misses you.
You shoot an arrow. The arrow barely misses Grinder.
Grinder hits you but does no damage.
You shoot an arrow. The arrow closely misses Grinder.
Grinder hits you.
You shoot an arrow. The arrow barely misses Grinder.
Grinder hits you but does no damage.
You shoot an arrow. The arrow closely misses Grinder.
Grinder gestures at you. You resist with significant effort.
Grinder closely misses you.
You shoot an arrow. The arrow closely misses Grinder.
Grinder closely misses you.
You shoot an arrow. The arrow hits Grinder.
Grinder is severely wounded.
Grinder hits you!
You writhe in agony.
You are too injured to fight recklessly!
You are too injured to fight recklessly!
You are too injured to fight recklessly!
You are too injured to fight recklessly!
You shoot an arrow. The arrow closely misses Grinder.
Grinder misses you. Grinder hits you but does no damage.
You shoot an arrow. The arrow hits Grinder.
Grinder is severely wounded.
Grinder gestures at you.
You suddenly lose the ability to move!
Grinder gestures at you. Pain shoots through your body!
* * * LOW HITPOINT WARNING * * *
Grinder completely misses you. Grinder hits you!
You die...

**~~~*****~** ********
*~~~~*,,,*~** ,,,,,,,*******
*~~~~*,_,+,,** ,,,,,,,,,,,,,*
*~~~~*,,,*~,,* ,,,,,,,,,....*
*~≈≈≈#####~~,* ,,,,,,,,,....*
**≈≈≈≈≈≈≈≈≈~,* ,,,,,,,,,)[..*
*#≈~~≈≈≈≈≈~,*
*******,,....#####.~~~≈≈≈~,,*
,,,,,,+,,......5@....~~≈~.,**
*******,,...............##,*
,* *,,...............#*,* ,*
*,,...............#*,*
,******,,...............#*,*
,,,,,****,..#.......#####*,*
**,_,,* *,,,####'#### *,*
,*,,,,***,,,* #.# *,*
,,,,,,,,*,,,* #.# *,******


You could see Grinder.

Vanquished Creatures
  An adder (D:2)
  A worm (D:2)
  2 dart slugs (D:1)
  2 ball pythons (D:2)
  An endoplasm (D:2)
  2 giant cockroaches
  4 goblins
  6 hobgoblins
  5 jackals
  3 kobolds (D:1)
  A quokka (D:1)
  A bat (D:2)
  2 frilled lizards (D:2)
  6 rats
37 creatures vanquished.

Notes
Turn   | Place    | Note
-------+----------+-------------------------------------------
     0 | D:1      | Newt the Kobold Hunter began the quest for the Orb.
     0 | D:1      | Reached XP level 1. HP: 12/12 MP: 1/1
   311 | D:1      | Reached XP level 2. HP: 18/18 MP: 2/2
   608 | D:1      | Reached XP level 3. HP: 24/24 MP: 3/3
  1932 | D:2      | Reached XP level 4. HP: 30/30 MP: 4/4
  2097 | D:3      | Noticed Grinder
  2099 | D:3      | Paralysed by Grinder for 4 turns
  2121 | D:3      | Paralysed by Grinder for 4 turns
  2124 | D:3      | Slain by Grinder

Illustrated notes

Levels and vault maps discovered:
D:1:      nzn_arrival_crosshair, layout_basic
D:2:      minmay_diamond_boxcup, layout_basic
D:3:      layout_basic, mainiacjoe_overflow_boulevard, bloody_trog,
          nzn_hepliaklqana_mist_gate, nicolae_ecumenical_lake_church,
          nicolae_goblin_pals, uniq_grinder, uniq_ijyb

Skill      XL: |  1  2  3 |
---------------+----------+-----
Fighting       | 3 4 |  4.5
Ranged Weapons | |  5.3
Dodging        | |  2.4
Stealth        | |  1.3

Action                     |  1- 3 |  4- 6 || total
---------------------------+-------+-------++-------
   Fire: Shortbow          |    76 |    27 ||   103
    Use: Scroll            |     3 |     5 ||     8
 Armour: Leather armour    |     6 |     5 ||    11
  Dodge: Dodged            |    35 |     9 ||    44

Table legend: (Time is in decaauts)
 A = Elapsed time spent in this place.
 B = Non-inter-level travel time spent in this place.
 C = Inter-level travel time spent in this place.
 D = Time resting spent in this place.
 E = Time spent auto-exploring this place.
 F = Levels seen in this place.
 G = Mean time per level.
                   A        B        C        D        E       F      G
               +--------+--------+--------+--------+--------+-----+--------+
         Total |   2154 |   2046 |    108 |      0 |   1829 |   3 |  718.0 |
       Dungeon |   2154 |   2046 |    108 |      0 |   1829 |   3 |  718.0 |
               +--------+--------+--------+--------+--------+-----+--------+

Top non-repeatable levels by time:
     D:1: 1160 daAuts
     D:2: 940 daAuts
     D:3: 54 daAuts
